 Dungeon Crawl Stone Soup version 0.20.1-1-g8b1a95d (webtiles) character file.

12633 MrModeste the Nimble (level 11, -1/174 (175) HPs)
             Began as a Troll Berserker on July 12, 2017.
             Was a High Priest of Trog.
             Slain by a blink frog (7 damage)
             ... on level 3 of the Lair of Beasts on July 13, 2017.
             The game lasted 00:25:21 (10371 turns).

MrModeste the Nimble (Troll Berserker)             Turns: 10371, Time: 00:25:22

HP:   -1/174 (175)  AC:  8    Str: 32    XL:     11   Next: 65%
MP:   10/10         EV: 15    Int:  3    God:    Trog [*****.]
Gold: 616           SH:  0    Dex: 12    Spells: 10/10 levels left

rFire    . . .     SeeInvis .     - Unarmed
rCold    . . .     Gourm    +   (no shield)
rNeg     + . .     Faith    .   G - +0 troll leather armour
rPois    .         Spirit   .   (helmet restricted)
rElec    .         Reflect  .   y - +0 cloak
rCorr    .         Harm     .   (gloves unavailable)
MR       ++...                  (boots unavailable)
Stlth    ..........             (no amulet)
Regen    2.2/turn               r - ring of positive energy
MPRegen  0.2/turn               (no ring)

@: berserking, lethally poisoned (-1 -> -1), regenerating, very quick
A: unfitting armour, claws 3, fast metabolism 3, gourmand, regeneration 1,
shaggy fur 1, tough skin 2
a: Berserk, Trog's Hand, Brothers in Arms, Burn Spellbooks, Renounce Religion


You were on level 3 of the Lair of Beasts.
You worshipped Trog.
Trog was extremely pleased with you.
You were not hungry.

You visited 2 branches of the dungeon, and saw 12 of its levels.
You also visited: Ice Cave.

You collected 701 gold pieces.
You spent 85 gold pieces at shops.

Inventory:

Hand Weapons
 P - a +2 mace of holy wrath
Armour
 y - a +0 cloak (worn)
 G - a +0 troll leather armour (worn)
Jewellery
 r - a ring of positive energy (left claw)
Wands
 m - a wand of random effects (27/48)
 w - a wand of polymorph (11/24)
 A - a wand of lightning (4/15)
 E - a wand of clouds (7/9)
 K - a wand of polymorph (10/24)
 L - a wand of polymorph (13/24)
 N - a wand of digging (16/24)
Scrolls
 a - a scroll of random uselessness {unknown}
 d - 4 scrolls of recharging {unknown}
 e - 3 scrolls of teleportation {unknown}
 f - 9 scrolls of remove curse
 g - 2 scrolls of enchant weapon {unknown}
 i - 3 scrolls of fear {unknown}
 n - 2 scrolls of blinking {unknown}
 o - 3 scrolls of amnesia {unknown}
 s - 2 scrolls of fog {unknown}
 x - a scroll of identify
 D - a scroll of noise {unknown}
 F - a scroll of magic mapping {unknown}
 J - a scroll of silence {unknown}
 O - a scroll of brand weapon {unknown}
Potions
 c - 2 potions of flight
 j - a potion of invisibility {unknown}
 l - a potion of magic {unknown}
 p - a potion of lignification {unknown}
 q - 4 potions of mutation {unknown}
 u - 8 potions of curing {unknown}
 v - 3 potions of haste {unknown}
 z - 2 potions of agility {unknown}
 B - 2 potions of brilliance {unknown}
 C - a potion of berserk rage {unknown}
 H - a potion of resistance {unknown}
 M - a potion of ambrosia {unknown}
Books
 I - the Tome of Hexes and Companions
   (You found it on level 8 of the Dungeon)

   Spells                             Type                      Level
   a - Dazzling Spray                 Conjuration/Hexes            3
   b - Spectral Weapon                Hexes/Charms                 3
   c - Silence                        Hexes/Air                    5
   d - Summon Demon                   Summoning                    5
   Trog disapproves of the use of such an item.
Comestibles
 b - 10 bread rations
 h - 7 royal jellies
 k - 6 meat rations
 t - 3 fruits


   Skills:
 + Level 10.0 Fighting
 - Level 10.1 Dodging
 - Level 10.0 Unarmed Combat


You had 10 spell levels left.
You didn't know any spells.

Dungeon Overview and Level Annotations

Branches:
Dungeon (9/15)             Temple (0/1) D:7            Lair (3/6) D:9
  Swamp: Lair:2-4    Shoals: Lair:2-4     Snake: Lair:2-4    Spider: Lair:2-4
    Orc: D:9-12

Altars:
Dithmenos
Elyvilon
Hepliaklqana
Sif Muna
Uskayaw
Xom
Yredelemnul
Zin

Shops:
D:6 %   D:7 [


Innate Abilities, Weirdness & Mutations

You are too large for most types of armour.
You have claws for hands.
Your metabolism is lightning-fast.
You like to eat raw meat.
Your natural rate of healing is unusually fast.
You are covered in fur. (AC +1)
You have very tough skin. (AC +2)


Message History

The blink frog blinks!
You claw the komodo dragon!
You kill the komodo dragon!
Trog accepts your kill.
Your Fighting skill increases to level 10!
You hear the rumble of a very distant avalanche of rocks.
The blink frog blinks! x2; The blink frog misses you.
You claw the blink frog!
The blink frog is moderately wounded.
The blink frog blinks!
The blink frog hits you.
* * * LOW HITPOINT WARNING * * *
You closely miss the blink frog.
The blink frog is moderately wounded.
You feel sick.
The blink frog blinks!
The blink frog barely misses you.
You claw the blink frog!
You feel the power of Trog in you as your rage grows.
You kill the blink frog!
Trog accepts your kill. The blink frog hits you!
You die...

..#.... ..#.... .#.
.....$. ...? ..#....
... .......####.##.
..............§
..§.........#
#.......F@..# ##
......≈≈.F>.##.#
#....≈≈≈≈......###F
#....≈≈≈≈≈.....%..F.
P...≈≈≈≈≈...........
....≈≈≈≈≈.<.........
....≈≈≈≈≈≈.......P..
....≈≈≈≈≈≈≈......###
.....≈≈≈≈≈≈......#


You could see 2 blink frogs.

Vanquished Creatures
  A two-headed ogre (D:8)
  A black mamba (Lair:2)
  6 spiny frogs
  2 komodo dragons
  A troll (D:9)
  2 blink frogs (Lair:3)
  5 hippogriffs
  12 yaks
  Eustachio (D:5)
  3 water moccasins
  4 porcupines
  A sky beast (D:7)
  2 orc warriors (D:8)
  9 ice beasts
  2 eyes of draining
  3 ogres
  A necrophage (D:8)
  5 wolves (Lair:1)
  3 phantoms
  A centaur (D:5)
  8 crocodiles
  The ghost of Paps the Magician, an amateur DEWz (D:3)
  7 bullfrogs
  A water moccasin skeleton (D:4)
  4 scorpions
  5 wights (D:8)
  2 howler monkeys
  2 electric eels
  2 crimson imps
  5 hounds
  7 orc priests
  3 jellies
  Crazy Yiuf (D:5)
  6 orc wizards
  2 bullfrog skeletons (D:7)
  3 centaur skeletons
  A gnoll shaman (D:8)
  2 iguanas
  Natasha (thrice) (D:2)
  4 worker ants
  A worker ant zombie (D:9)
  11 gnolls
  A howler monkey skeleton (D:9)
  10 adders
  An ooze (D:5)
  An adder zombie (D:5)
  An adder skeleton (D:4)
  A worm (D:5)
  2 dart slugs
  4 leopard geckos
  28 orcs
  6 giant cockroaches
  A goblin (D:2)
  5 hobgoblins
  2 jackals (D:1)
  2 quokkas
  A ball python (D:4)
  4 bats
  4 frilled lizards
  A jackal skeleton (D:6)
  9 kobolds
  A leopard gecko zombie (D:7)
  10 rats
241 creatures vanquished.

Vanquished Creatures (others)
  2 kobolds (D:1)
  18 fungi (D:9)
  2 plants
22 creatures vanquished.

Grand Total: 263 creatures vanquished

Notes
Turn   | Place    | Note
-------+----------+-------------------------------------------
     0 | D:1      | MrModeste the Troll Berserker began the quest for the Orb.
     0 | D:1      | Reached XP level 1. HP: 22/22 MP: 0/0
    60 | D:1      | Reached XP level 2. HP: 27/29 MP: 1/1
   675 | D:2      | Reached ** piety under Trog
   675 | D:2      | Reached XP level 3. HP: 36/36 MP: 2/2
   753 | D:2      | Noticed Natasha
   765 | D:2      | Killed Natasha
  1037 | D:2      | Noticed Natasha
  1042 | D:2      | Killed Natasha
  1042 | D:2      | Reached skill level 5 in Unarmed Combat
  1042 | D:2      | Reached XP level 4. HP: 42/44 MP: 3/3
  1243 | D:2      | Found a deep blue altar of Sif Muna.
  1658 | D:2      | Noticed Natasha
  1667 | D:2      | Killed Natasha
  2625 | D:3      | Noticed Paps's ghost (amateur DEWz)
  2628 | D:3      | Killed Paps's ghost
  2628 | D:3      | Reached XP level 5. HP: 46/50 MP: 4/4
  3125 | D:4      | Noticed an ogre
  3134 | D:4      | Killed an ogre
  3134 | D:4      | Reached XP level 6. HP: 43/59 MP: 5/5
  3571 | D:4      | Reached XP level 7. HP: 66/66 MP: 6/6
  3877 | D:5      | Entered Level 5 of the Dungeon
  4046 | D:5      | Reached *** piety under Trog
  4119 | D:5      | Noticed Eustachio
  4132 | D:5      | Killed Eustachio
  4132 | D:5      | Reached skill level 10 in Unarmed Combat
  4132 | D:5      | Reached XP level 8. HP: 74/74 MP: 7/7
  4328 | D:5      | Found a runed door.
  4602 | D:5      | Noticed Crazy Yiuf
  4608 | D:5      | Killed Crazy Yiuf
  5039 | D:6      | Found Obliveso's Food Shoppe.
  5565 | D:7      | Reached skill level 5 in Dodging
  5568 | D:7      | Found a hazy altar of Hepliaklqana.
  5641 | D:7      | Found a hide-covered altar of Uskayaw.
  5643 | D:7      | Found a shadowy altar of Dithmenos.
  5645 | D:7      | Found a white marble altar of Elyvilon.
  5854 | D:7      | Found Liru's Antique Armour Shoppe.
  5862 | D:7      | Bought a runed robe for 85 gold pieces
  5967 | D:7      | Reached **** piety under Trog
  6200 | D:7      | Found a staircase to the Ecumenical Temple.
  6310 | D:7      | Reached XP level 9. HP: 80/80 MP: 8/8
  6768 | D:8      | You fall through a shaft!
  6913 | D:9      | Reached XP level 10. HP: 42/87 MP: 2/9
  7100 | D:9      | Found a staircase to the Lair.
  7108 | D:9      | Reached skill level 10 in Dodging
  7256 | D:9      | Reached ***** piety under Trog
  7694 | D:8      | Identified the Tome of Hexes and Companions
  7699 | D:8      | Found a basalt altar of Yredelemnul.
  7707 | D:8      | Noticed a two-headed ogre
  7723 | D:8      | Reached skill level 5 in Fighting
  7725 | D:8      | Killed a two-headed ogre
  7896 | D:8      | Found a shimmering altar of Xom.
  8030 | D:8      | Found a glowing silver altar of Zin.
  8167 | Lair:1   | Entered Level 1 of the Lair of Beasts
  8167 | Lair:1   | Noticed a spiny frog
  8172 | Lair:1   | Killed a spiny frog
  8227 | Lair:1   | Found a frozen archway.
  8258 | Lair:1   | Reached XP level 11. HP: 80/108 MP: 10/10
  8313 | IceCv    | Entered an ice cave
  9424 | Lair:2   | Received a gift from Trog
 10018 | Lair:3   | Noticed a four-headed hydra
 10365 | Lair:3   | HP: 11/116 [komodo dragon (26)]
 10368 | Lair:3   | Reached skill level 10 in Fighting
 10369 | Lair:3   | HP: 4/174 [blink frog (4)]
 10371 | Lair:3   | Slain by a blink frog

Skill      XL: |  1  2  3  4  5  6  7  8  9 10 11 |
---------------+----------------------------------+-----
Unarmed Combat | 4 5 6 7 8 10 | 10.0
Dodging        | 6 9 10 | 10.1
Fighting       | 7 10 | 10.0

Action                   |  1- 3 |  4- 6 |  7- 9 | 10-12 || total
-------------------------+-------+-------+-------+-------++-------
Melee: Unarmed           |    92 |    88 |   298 |   274 ||   752
       Punch             |     3 |     4 |    14 |    11 ||    32
Invok: Berserk           |       |       |     2 |     2 ||     4
       Burn Spellbooks   |       |       |     2 |       ||     2
       Trog's Hand       |       |       |     1 |     2 ||     3
  Use: Scroll            |       |       |     3 |     3 ||     6
 Stab: Sleeping          |     2 |     2 |     3 |       ||     7
  Eat: Chunk             |    15 |    23 |    32 |    27 ||    97
Armor: Animal skin       |    28 |    27 |    31 |       ||    86
       Robe              |       |       |    27 |     4 ||    31
       Troll leather arm |       |       |       |    52 ||    52
Dodge: Dodged            |    55 |    44 |   116 |   147 ||   362
